Devils vs Phantoms
Created - December 27, 2023 at 21:29
Goals
|
| Devils |
2 |
3 |
1 |
6 |
| Phantoms |
2 |
2 |
0 |
4 |
|
Shots
|
| Devils |
8 |
8 |
12 |
28 |
| Phantoms |
10 |
17 |
6 |
33 |
|
1st period
1. Devils , Jonny Brodzinski 12 (Alexandre Texier 7, Jake Bean 11) at 7:54
2. Devils , Joonas Donskoi 12 (Alan Quine 10, Christian Wolanin 6) at 8:30
3. Phantoms , Morgan Klimchuk 17 (Joe Snively 27, Sven Andrighetto 10) at 12:34
4. Phantoms , Cristoval Nieves 10 (Rem Pitlick 21, Erik Nystrom 14) at 17:36
Penalties :
Cal Foote (Leh) for Interference (Minor) at 5:40
2nd period
5. Devils , Alexandre Texier 4 (Ilya Lyubushkin 9, Eeli Tolvanen 2) at 8:29
6. Phantoms , David Kampf 10 (Rinat Valiev 21, Brett Murray 4) at 9:42
7. Devils , Alan Quine 11 (Joonas Donskoi 16) at 10:34 (PP)
8. Phantoms , Rinat Valiev 7 (Cal Foote 17) at 13:20 (SH)
9. Devils , Conor Garland 11 (Reid Boucher 10) at 15:23
Penalties :
Ty Smith (Leh) for Tripping (Minor) at 10:30, Rem Pitlick (Leh) for Hooking (Minor) at 12:32
3rd period
10. Devils , Alan Quine 12 (Ilya Lyubushkin 10) at 19:22 (Empty Net)
Penalties :
Mikko Lehtonen (Leh) for Tripping (Minor) at 9:36
Goalie Stats
Juuse Saros (Bin), 29 saves from 33 shots - (0.879), W, 8-7-3, 60:00 minutes
Anton Forsberg (Leh), 22 saves from 27 shots - (0.815), L, 15-9-1, 59:38 minutes
Players Stats for Devils
Player Name G A P +/- PIM S H SB GA TA FO MP PP MP PK MP
------------------------------------------------------------------------------------
Alan Quine 2 1 3 0 0 6 0 1 0 1 16/30 21:42 3:29 0:00
Alexandre Texier 1 1 2 1 0 1 1 0 0 0 0/1 10:40 0:01 0:00
Brett Howden 0 0 0 -1 0 0 0 0 0 0 0/7 11:00 0:00 0:00
Christian Wolanin 0 1 1 -3 0 0 1 1 1 0 0/0 21:20 2:38 0:00
Conor Garland 1 0 1 1 0 1 1 1 0 1 0/0 16:38 2:31 0:00
Cristiano Digiacinto 0 0 0 0 0 0 1 0 0 0 0/0 11:16 0:01 0:00
Darren Dietz 0 0 0 3 0 1 2 3 0 0 0/0 23:46 3:23 0:00
Eeli Tolvanen 0 1 1 0 0 0 0 0 0 0 0/0 10:24 0:00 0:00
Ilya Lyubushkin 0 2 2 3 0 0 2 0 1 0 0/0 23:46 3:23 0:00
Jake Bean 0 1 1 -3 0 2 1 1 1 0 0/0 21:20 2:38 0:00
Jonny Brodzinski 1 0 1 0 0 1 1 1 1 0 0/1 11:16 0:01 0:00
Joonas Donskoi 1 1 2 0 0 4 2 2 2 0 1/1 21:42 3:29 0:00
Marcus Bjork 0 0 0 1 0 1 1 1 0 0 0/0 14:54 0:00 0:00
Mason Marchment 0 0 0 1 0 0 2 1 0 0 0/0 16:38 2:31 0:00
Nicolas Roy 0 0 0 0 0 1 0 0 0 1 1/5 10:24 0:00 0:00
Reid Boucher 0 1 1 1 0 4 1 0 2 0 6/14 16:38 2:31 0:00
Valeri Nichushkin 0 0 0 0 0 6 3 2 0 0 1/2 21:42 3:29 0:00
Wyatt Kalynuk 0 0 0 1 0 0 0 3 0 0 0/0 14:54 0:00 0:00
Players Stats for Phantoms
Player Name G A P +/- PIM S H SB GA TA FO MP PP MP PK MP
------------------------------------------------------------------------------------
A.J. Greer 0 0 0 0 0 2 1 0 0 0 1/1 13:31 0:00 1:06
Brett Murray 0 1 1 1 0 1 1 1 1 1 0/0 9:23 0:00 0:00
Cal Foote 0 1 1 -1 2 1 3 3 0 1 0/0 27:19 0:00 2:15
Cristoval Nieves 1 0 1 -2 0 2 0 0 0 0 9/16 16:45 0:00 2:00
David Kampf 1 0 1 1 0 2 0 0 0 0 2/2 9:23 0:00 0:00
Erik Nystrom 0 1 1 0 0 0 0 0 0 0 0/0 5:42 0:00 0:36
Joe Snively 0 1 1 1 0 4 1 0 1 1 13/30 23:20 0:00 3:28
Lucas Wallmarkk 0 0 0 -3 0 0 1 1 0 0 8/8 18:16 0:00 1:24
Matt Kiersted 0 0 0 -1 0 1 1 3 0 1 0/0 20:01 0:00 2:52
Mikko Lehtonen 0 0 0 -1 2 0 0 0 0 0 0/0 18:38 0:00 1:08
Morgan Klimchuk 1 0 1 0 0 6 2 0 1 0 1/1 23:27 0:00 3:28
Nick Sorensen 0 0 0 0 0 1 1 0 0 0 0/0 9:48 0:00 0:00
Oliver Wahlstrom 0 0 0 1 0 3 0 0 0 0 0/0 9:23 0:00 0:00
Rem Pitlick 0 1 1 -2 2 2 2 0 0 0 0/1 15:07 0:00 0:00
Riley Stillman 0 0 0 0 0 1 2 1 0 1 0/0 13:52 0:00 2:09
Rinat Valiev 1 1 2 0 0 2 1 0 0 2 0/0 28:12 0:00 3:19
Sven Andrighetto 0 1 1 0 0 4 0 1 0 0 2/2 19:33 0:00 0:00
Ty Smith 0 0 0 0 2 1 1 0 0 1 0/0 12:15 0:00 0:19
3 Stars
1 - Alan Quine (Bin)
2 - Ilya Lyubushkin (Bin)
3 - Alexandre Texier (Bin)
Power Play
Devils - 1 on 4 Attempt(s) - 25.00%
Phantoms - 0 on 0 Attempt(s) - 0.00%
Penalty Kill
Devils - 0 on 0 Attempt(s) - 0.00%
- Score 0 goal in Penalty Kill
Phantoms - 3 on 4 Attempt(s) - 75.00%
- Score 1 goal in Penalty Kill
Team Stat
Devils - Hits : 19 - Faceoff Wins : 25 - Blocked Shots : 17 - Penalty Minutes : 0
Phantoms - Hits : 17 - Faceoff Wins : 36 - Blocked Shots : 10 - Penalty Minutes : 8
Official
Referees : Jean Hebert and Wes McCauley
Linesman : Libor Suchanek and Kyle Flemington
Game Notes
Erik Nystrom is injured at 19:21 of 1st period (Concussion)
Alan Quine has scored in a empty net!
Finance
Level 1 -- Attendance: 1738 (86.90%) -- Ticket Income $121,660
Level 2 -- Attendance: 960 (96.00%) -- Ticket Income $38,400
Total Attendance: 2698 (89.93%)
Total Ticket Income: $160,060
Other Income: $8,003
Total Income: $168,063
Devils
5 vs 5 Forward
Center Left Wing Right Wing Time % Phy DF OF
1 Alan Quine Valeri Nichushkin Joonas Donskoi 38 0 2 3
2 Reid Boucher Mason Marchment Conor Garland 28 0 2 3
3 Brett Howden Cristiano Digiacinto Jonny Brodzinski 18 0 2 3
4 Nicolas Roy Eeli Tolvanen Alexandre Texier 16 0 2 3
5 vs 5 Defense
Defense Defense Time % Phy DF OF
1 Darren Dietz Ilya Lyubushkin 40 0 3 2
2 Christian Wolanin Jake Bean 35 0 3 2
3 Wyatt Kalynuk Marcus Bjork 25 0 3 2
4 Darren Dietz Ilya Lyubushkin 0 0 3 2
PowerPlay Forward
Center Left Wing Right Wing Time % Phy DF OF
1 Alan Quine Valeri Nichushkin Joonas Donskoi 60 0 1 4
2 Reid Boucher Mason Marchment Conor Garland 40 0 1 4
PowerPlay Defense
Defense Defense Time % Phy DF OF
1 Darren Dietz Ilya Lyubushkin 60 0 2 3
2 Christian Wolanin Jake Bean 40 0 2 3
Penalty Kill 4 Players Forward
Center Wing Time % Phy DF OF
1 Alan Quine Valeri Nichushkin 60 1 3 1
2 Reid Boucher Mason Marchment 40 1 3 1
Penalty Kill 4 Players Defense
Defense Defense Time % Phy DF OF
1 Darren Dietz Ilya Lyubushkin 60 1 4 0
2 Christian Wolanin Jake Bean 40 1 4 0
Penalty Kill - 3 Players Forward
Forward Time % Phy DF OF
1 Alan Quine 60 1 3 1
2 Reid Boucher 40 1 3 1
Penalty Kill - 3 Players Defense
Defense Defense Time % Phy DF OF
1 Darren Dietz Ilya Lyubushkin 60 1 4 0
2 Christian Wolanin Jake Bean 40 1 4 0
4 vs 4 Forward
Center Wing Time % Phy DF OF
1 Alan Quine Valeri Nichushkin 60 0 2 3
2 Reid Boucher Mason Marchment 40 0 2 3
4 vs 4 Defense
Defense Defense Time % Phy DF OF
1 Darren Dietz Ilya Lyubushkin 60 0 3 2
2 Christian Wolanin Jake Bean 40 0 3 2
Last Minutes Offensive
Center Left Wing Right Wing Defense Defense
Alan Quine Valeri Nichushkin Joonas Donskoi Darren Dietz Ilya Lyubushkin
Last Minutes Defensive
Center Left Wing Right Wing Defense Defense
Alan Quine Valeri Nichushkin Joonas Donskoi Darren Dietz Ilya Lyubushkin
Goaltenders
Starting : Juuse Saros
Backup : Jordan Binnington
Extra Forwards
Normal : Reid Boucher, Jonny Brodzinski, Mason Marchment - PP : Reid Boucher, Jonny Brodzinski - PK : Reid Boucher
Extra Defensemen
Normal : Jake Bean, Wyatt Kalynuk, Marcus Bjork - PP : Jake Bean - PK : Jake Bean, Wyatt Kalynuk
Penalty Shots
Valeri Nichushkin, Joonas Donskoi, Conor Garland, Alan Quine, Reid Boucher
Custom OT Lines Forwards
Valeri Nichushkin, Joonas Donskoi, Conor Garland, Alan Quine, Reid Boucher, Jonny Brodzinski, Mason Marchment, Brett Howden, Alexandre Texier, Cristiano Digiacinto
Custom OT Lines Defensemen
Darren Dietz, Ilya Lyubushkin, Christian Wolanin, Jake Bean, Wyatt Kalynuk
Scratches
Brett Seney (Left Foot Injury), Filip Roos (Healthy), Vincent Desharnais (Healthy), Tim Gettinger (Healthy), Akira Schmid (Healthy)
Phantoms
5 vs 5 Forward
Center Left Wing Right Wing Time % Phy DF OF
1 Joe Snively Morgan Klimchuk Sven Andrighetto 40 1 2 2
2 Cristoval Nieves Erik Nystrom Rem Pitlick 30 1 2 2
3 Lucas Wallmarkk A.J. Greer Nick Sorensen 20 1 2 2
4 David Kampf Brett Murray Oliver Wahlstrom 10 1 2 2
5 vs 5 Defense
Defense Defense Time % Phy DF OF
1 Cal Foote Rinat Valiev 40 1 2 2
2 Mikko Lehtonen Matt Kiersted 30 1 2 2
3 Riley Stillman Ty Smith 20 1 2 2
4 Cal Foote Rinat Valiev 10 1 2 2
PowerPlay Forward
Center Left Wing Right Wing Time % Phy DF OF
1 Joe Snively Morgan Klimchuk Sven Andrighetto 60 1 2 2
2 Cristoval Nieves Erik Nystrom Rem Pitlick 40 1 2 2
PowerPlay Defense
Defense Defense Time % Phy DF OF
1 Cal Foote Rinat Valiev 60 1 2 2
2 Mikko Lehtonen Matt Kiersted 40 1 2 2
Penalty Kill 4 Players Forward
Center Wing Time % Phy DF OF
1 Joe Snively Morgan Klimchuk 60 1 2 2
2 Cristoval Nieves Erik Nystrom 40 1 2 2
Penalty Kill 4 Players Defense
Defense Defense Time % Phy DF OF
1 Cal Foote Rinat Valiev 60 1 2 2
2 Mikko Lehtonen Matt Kiersted 40 1 2 2
Penalty Kill - 3 Players Forward
Forward Time % Phy DF OF
1 Joe Snively 60 1 2 2
2 Cristoval Nieves 40 1 2 2
Penalty Kill - 3 Players Defense
Defense Defense Time % Phy DF OF
1 Cal Foote Rinat Valiev 60 1 2 2
2 Mikko Lehtonen Matt Kiersted 40 1 2 2
4 vs 4 Forward
Center Wing Time % Phy DF OF
1 Joe Snively Morgan Klimchuk 60 1 2 2
2 Cristoval Nieves Erik Nystrom 40 1 2 2
4 vs 4 Defense
Defense Defense Time % Phy DF OF
1 Cal Foote Rinat Valiev 60 1 2 2
2 Mikko Lehtonen Matt Kiersted 40 1 2 2
Last Minutes Offensive
Center Left Wing Right Wing Defense Defense
Joe Snively Morgan Klimchuk Sven Andrighetto Cal Foote Rinat Valiev
Last Minutes Defensive
Center Left Wing Right Wing Defense Defense
Joe Snively Morgan Klimchuk Sven Andrighetto Cal Foote Rinat Valiev
Goaltenders
Starting : Anton Forsberg
Backup : Zachary Fucale
Extra Forwards
Normal : Lucas Wallmarkk, Rem Pitlick, Erik Nystrom - PP : Lucas Wallmarkk, Rem Pitlick - PK : Lucas Wallmarkk
Extra Defensemen
Normal : Matt Kiersted, Riley Stillman, Ty Smith - PP : Matt Kiersted - PK : Matt Kiersted, Riley Stillman
Penalty Shots
Sven Andrighetto, Morgan Klimchuk, Joe Snively, Cristoval Nieves, Lucas Wallmarkk
Custom OT Lines Forwards
Sven Andrighetto, Morgan Klimchuk, Joe Snively, Cristoval Nieves, Lucas Wallmarkk, Rem Pitlick, Erik Nystrom, David Kampf, Nick Sorensen, A.J. Greer
Custom OT Lines Defensemen
Cal Foote, Rinat Valiev, Mikko Lehtonen, Matt Kiersted, Riley Stillman
Scratches
Anthony Angello (Healthy), Benoit-Olivier Groulx (Healthy), Cooper Marody (Healthy), Laurent Dauphin (Healthy), Victor Berglund (Healthy)
Fabian Zetterlund (Healthy), David Gustafsson (Healthy), Josiah Slavin (Healthy), Jacob Ingham (Healthy), Zachary Sawchenko (Healthy)
Kevin Lankinen (Healthy)
% Time on Ice - Devils
Lines # - Real PCT - Wanted PCT - Time Play
Normal Forward
1 - 33% - 38% - 17:50
2 - 26% - 28% - 14:07
3 - 21% - 18% - 11:00
4 - 19% - 16% - 10:24
Normal Defense
1 - 37% - 40% - 19:45
2 - 35% - 35% - 18:42
3 - 28% - 25% - 14:54
4 - 0% - 0% - 0:00
PP Forward
1 - 58% - 60% - 3:30
2 - 42% - 40% - 2:31
PP Defense
1 - 56% - 60% - 3:23
2 - 44% - 40% - 2:38
PK Forward
1 - 0% - 60%
2 - 0% - 40%
PK Defense
1 - 0% - 60%
2 - 0% - 40%
PK3 Forward
1 - 0% - 60%
2 - 0% - 40%
PK3 Defense
1 - 0% - 60%
2 - 0% - 40%
44 Forward
1 - 0% - 60%
2 - 0% - 40%
44 Defense
1 - 0% - 60%
2 - 0% - 40%
Last Minute Offensive - 0:00
Last Minute Defensive - 0:38
Total
Forward - 60:00
Defense - 60:00
|
% Time on Ice - Phantoms
Lines # - Real PCT - Wanted PCT - Time Play
Normal Forward
1 - 36% - 40% - 19:26
2 - 29% - 30% - 15:22
3 - 17% - 20% - 9:10
4 - 18% - 10% - 9:23
Normal Defense
1 - 40% - 40% - 21:15
2 - 31% - 30% - 16:48
3 - 23% - 20% - 12:01
4 - 6% - 10% - 3:17
PP Forward
1 - 0% - 60%
2 - 0% - 40%
PP Defense
1 - 0% - 60%
2 - 0% - 40%
PK Forward
1 - 76% - 60% - 4:34
2 - 24% - 40% - 1:27
PK Defense
1 - 60% - 60% - 3:38
2 - 40% - 40% - 2:23
PK3 Forward
1 - 0% - 60%
2 - 0% - 40%
PK3 Defense
1 - 0% - 60%
2 - 0% - 40%
44 Forward
1 - 0% - 60%
2 - 0% - 40%
44 Defense
1 - 0% - 60%
2 - 0% - 40%
Last Minute Offensive - 0:38
Last Minute Defensive - 0:00
Total
Forward - 60:00
Defense - 60:00
|
Play-by-Play
1st period
0:01 of 1st period - Alan Quine wins face-off versus Joe Snively in neutral zone.
0:13 of 1st period - Rinat Valiev is hit by Joonas Donskoi.
0:25 of 1st period - Ilya Lyubushkin is hit by Rem Pitlick and loses puck.
1:34 of 1st period - Snap shot by Morgan Klimchuk.
1:34 of 1st period - Shot Misses the Net.
1:52 of 1st period - Wrist shot by Reid Boucher.
1:52 of 1st period - Stopped by Anton Forsberg with a rebound.
2:06 of 1st period - Lucas Wallmarkk is hit by Jonny Brodzinski.
2:28 of 1st period - Backhand shot by Nicolas Roy.
2:28 of 1st period - Deflect By Rinat Valiev.
2:28 of 1st period - Shot Misses the Net.
2:28 of 1st period - Puck is out of play.
2:29 of 1st period - Joe Snively wins face-off versus Nicolas Roy in Phantoms zone.
3:45 of 1st period - Wrist shot by Nick Sorensen.
3:45 of 1st period - Stopped by Juuse Saros with a rebound.
4:50 of 1st period - Cristiano Digiacinto is hit by Riley Stillman and loses puck.
5:09 of 1st period - Snap shot by Alan Quine.
5:09 of 1st period - Shot Misses the Net.
5:11 of 1st period - Snap shot by Marcus Bjork.
5:11 of 1st period - Deflect By Lucas Wallmarkk.
5:11 of 1st period - Stopped by Anton Forsberg without a rebound.
5:12 of 1st period - Alan Quine wins face-off versus Joe Snively in Phantoms zone.
5:40 of 1st period - Minor Penalty to Cal Foote for Interference.
5:41 of 1st period - Joe Snively wins face-off versus Alan Quine in Phantoms zone.
7:40 of 1st period - Penalty to Cal Foote is over, Cal Foote is back on ice.
7:54 of 1st period - Wrist shot by Jonny Brodzinski.
7:54 of 1st period - Goal by Jonny Brodzinski - Devils : 1 - Phantoms : 0.
7:55 of 1st period - Alan Quine wins face-off versus Cristoval Nieves in neutral zone.
8:04 of 1st period - Backhand shot by Rem Pitlick.
8:04 of 1st period - Stopped by Juuse Saros without a rebound.
8:05 of 1st period - Alan Quine wins face-off versus Cristoval Nieves in Devils zone.
8:30 of 1st period - Snap shot by Joonas Donskoi.
8:30 of 1st period - Goal by Joonas Donskoi - Devils : 2 - Phantoms : 0.
8:31 of 1st period - Reid Boucher wins face-off versus Joe Snively in neutral zone.
8:38 of 1st period - Wrist shot by Reid Boucher.
8:38 of 1st period - Stopped by Anton Forsberg without a rebound.
8:39 of 1st period - Reid Boucher wins face-off versus Joe Snively in Phantoms zone.
8:44 of 1st period - Snap shot by Reid Boucher.
8:44 of 1st period - Stopped by Anton Forsberg without a rebound.
8:45 of 1st period - Joe Snively wins face-off versus Reid Boucher in Phantoms zone.
8:52 of 1st period - Snap shot by Morgan Klimchuk.
8:52 of 1st period - Stopped by Juuse Saros with a rebound.
9:02 of 1st period - Mason Marchment is hit by Morgan Klimchuk and loses puck.
9:39 of 1st period - Slapshot by Valeri Nichushkin.
9:39 of 1st period - Stopped by Anton Forsberg with a rebound.
9:45 of 1st period - Snap shot by Joonas Donskoi.
9:45 of 1st period - Shot Blocked by Matt Kiersted.
10:00 of 1st period - Jake Bean is hit by Brett Murray.
10:26 of 1st period - Slapshot by Sven Andrighetto.
10:26 of 1st period - Stopped by Juuse Saros without a rebound.
10:27 of 1st period - Cristoval Nieves wins face-off versus Alan Quine in Devils zone.
10:52 of 1st period - Eeli Tolvanen is hit by Joe Snively and loses puck.
11:02 of 1st period - Icing by Ty Smith.
11:03 of 1st period - Joe Snively wins face-off versus Alan Quine in Phantoms zone.
11:17 of 1st period - Snap shot by Sven Andrighetto.
11:17 of 1st period - Shot Misses the Net.
11:19 of 1st period - Snap shot by Joe Snively.
11:19 of 1st period - Shot Misses the Net.
11:41 of 1st period - Sven Andrighetto is hit by Valeri Nichushkin and loses puck.
11:56 of 1st period - Wrist shot by Joe Snively.
11:56 of 1st period - Shot Blocked by Valeri Nichushkin.
11:58 of 1st period - Slapshot by Morgan Klimchuk.
11:58 of 1st period - Stopped by Juuse Saros with a rebound.
12:00 of 1st period - Slapshot by Joe Snively.
12:00 of 1st period - Shot Blocked by Valeri Nichushkin.
12:20 of 1st period - Snap shot by Morgan Klimchuk.
12:20 of 1st period - Shot Blocked by Alan Quine.
12:22 of 1st period - Snap shot by Joe Snively.
12:22 of 1st period - Shot Misses the Net.
12:24 of 1st period - Slapshot by Joe Snively.
12:24 of 1st period - Shot Misses the Net.
12:26 of 1st period - Snap shot by Joe Snively.
12:26 of 1st period - Shot Blocked by Jake Bean.
12:28 of 1st period - Snap shot by Joe Snively.
12:28 of 1st period - Shot Misses the Net.
12:30 of 1st period - Snap shot by Joe Snively.
12:30 of 1st period - Stopped by Juuse Saros with a rebound.
12:34 of 1st period - Wrist shot by Morgan Klimchuk.
12:34 of 1st period - Goal by Morgan Klimchuk - Devils : 2 - Phantoms : 1.
12:35 of 1st period - Reid Boucher wins face-off versus Cristoval Nieves in neutral zone.
12:42 of 1st period - Icing by Cristoval Nieves.
12:43 of 1st period - Reid Boucher wins face-off versus Cristoval Nieves in Phantoms zone.
12:56 of 1st period - Mason Marchment is hit by Cal Foote and loses puck.
13:23 of 1st period - Snap shot by Rem Pitlick.
13:23 of 1st period - Shot Blocked by Darren Dietz.
13:25 of 1st period - Wrist shot by Cal Foote.
13:25 of 1st period - Stopped by Juuse Saros with a rebound.
13:27 of 1st period - Slapshot by Cal Foote.
13:27 of 1st period - Shot Misses the Net.
13:29 of 1st period - Snap shot by Erik Nystrom.
13:29 of 1st period - Shot Blocked by Darren Dietz.
13:31 of 1st period - Snap shot by Rinat Valiev.
13:31 of 1st period - Deflect By Erik Nystrom.
13:31 of 1st period - Shot Blocked by Conor Garland.
13:31 of 1st period - Puck is out of play.
13:32 of 1st period - Lucas Wallmarkk wins face-off versus Brett Howden in Devils zone.
13:45 of 1st period - Wrist shot by Nick Sorensen.
13:45 of 1st period - Shot Blocked by Jonny Brodzinski.
14:18 of 1st period - Jake Bean is hit by Riley Stillman and loses puck.
14:37 of 1st period - Jonny Brodzinski is hit by Cal Foote and loses puck.
14:51 of 1st period - Off-side.
14:52 of 1st period - Cristoval Nieves wins face-off versus Alexandre Texier in neutral zone.
15:17 of 1st period - Lucas Wallmarkk is hit by Darren Dietz and loses puck.
15:22 of 1st period - Wrist shot by Conor Garland.
15:22 of 1st period - Deflect By Reid Boucher.
15:22 of 1st period - Shot Blocked by Matt Kiersted.
15:22 of 1st period - Puck is out of play.
15:23 of 1st period - Joe Snively wins face-off versus Reid Boucher in Phantoms zone.
17:13 of 1st period - Valeri Nichushkin is hit by Nick Sorensen and loses puck.
17:34 of 1st period - Snap shot by Cristoval Nieves.
17:34 of 1st period - Shot Misses the Net.
17:36 of 1st period - Wrist shot by Cristoval Nieves.
17:36 of 1st period - Goal by Cristoval Nieves - Devils : 2 - Phantoms : 2.
17:37 of 1st period - Alan Quine wins face-off versus Joe Snively in neutral zone.
18:53 of 1st period - Snap shot by David Kampf.
18:53 of 1st period - Deflect By Oliver Wahlstrom.
18:53 of 1st period - Stopped by Juuse Saros without a rebound.
18:54 of 1st period - Joe Snively wins face-off versus Alan Quine in Devils zone.
19:20 of 1st period - Erik Nystrom is hit by Mason Marchment and loses puck.
19:21 of 1st period - Erik Nystrom from Phantoms is injured at 19:21 of 1st period (Concussion).
19:22 of 1st period - Alan Quine wins face-off versus Joe Snively in Phantoms zone.
19:23 of 1st period - Slapshot by Valeri Nichushkin.
19:23 of 1st period - Stopped by Anton Forsberg with a rebound.
19:29 of 1st period - Ilya Lyubushkin is hit by Cal Foote and loses puck.
19:58 of 1st period - Wrist shot by Lucas Wallmarkk.
19:58 of 1st period - Shot Misses the Net.
Goals for this period are 2 for Devils vs 2 for Phantoms.
Shots for this period are 8 for Devils vs 10 for Phantoms.
2nd period
0:01 of 2nd period - Valeri Nichushkin wins face-off versus Joe Snively in neutral zone.
0:10 of 2nd period - Wrist shot by Alan Quine.
0:10 of 2nd period - Shot Blocked by Cal Foote.
0:16 of 2nd period - Snap shot by Joe Snively.
0:16 of 2nd period - Stopped by Juuse Saros without a rebound.
0:17 of 2nd period - Cristoval Nieves wins face-off versus Reid Boucher in Devils zone.
0:18 of 2nd period - Snap shot by Rem Pitlick.
0:18 of 2nd period - Stopped by Juuse Saros without a rebound.
0:19 of 2nd period - Cristoval Nieves wins face-off versus Reid Boucher in Devils zone.
0:32 of 2nd period - Wrist shot by Rem Pitlick.
0:32 of 2nd period - Shot Misses the Net.
0:44 of 2nd period - Alan Quine is hit by Morgan Klimchuk and loses puck.
0:51 of 2nd period - Snap shot by Sven Andrighetto.
0:51 of 2nd period - Shot Blocked by Joonas Donskoi.
1:05 of 2nd period - Wyatt Kalynuk is hit by Matt Kiersted.
1:36 of 2nd period - Matt Kiersted is hit by Christian Wolanin and loses puck.
4:11 of 2nd period - Snap shot by Morgan Klimchuk.
4:11 of 2nd period - Shot Hit the Post.
4:27 of 2nd period - Snap shot by David Kampf.
4:27 of 2nd period - Shot Misses the Net.
4:29 of 2nd period - Wrist shot by Brett Murray.
4:29 of 2nd period - Stopped by Juuse Saros with a rebound.
4:40 of 2nd period - Off-side.
4:41 of 2nd period - Nicolas Roy wins face-off versus Cristoval Nieves in neutral zone.
5:08 of 2nd period - Snap shot by Reid Boucher.
5:08 of 2nd period - Stopped by Anton Forsberg with a rebound.
5:40 of 2nd period - Wrist shot by Sven Andrighetto.
5:40 of 2nd period - Stopped by Juuse Saros without a rebound.
5:41 of 2nd period - Joe Snively wins face-off versus Brett Howden in Devils zone.
5:44 of 2nd period - Snap shot by Morgan Klimchuk.
5:44 of 2nd period - Stopped by Juuse Saros without a rebound.
5:45 of 2nd period - Joe Snively wins face-off versus Jonny Brodzinski in Devils zone.
5:54 of 2nd period - Snap shot by Cal Foote.
5:54 of 2nd period - Shot Blocked by Wyatt Kalynuk.
6:19 of 2nd period - Icing by Cal Foote.
6:20 of 2nd period - Alan Quine wins face-off versus Joe Snively in Phantoms zone.
6:47 of 2nd period - Wrist shot by A.J. Greer.
6:47 of 2nd period - Stopped by Juuse Saros without a rebound.
6:48 of 2nd period - Lucas Wallmarkk wins face-off versus Reid Boucher in Devils zone.
6:53 of 2nd period - Snap shot by Nick Sorensen.
6:53 of 2nd period - Shot Misses the Net.
6:55 of 2nd period - Snap shot by A.J. Greer.
6:55 of 2nd period - Stopped by Juuse Saros with a rebound.
7:03 of 2nd period - Wrist shot by Lucas Wallmarkk.
7:03 of 2nd period - Shot Blocked by Mason Marchment.
7:12 of 2nd period - Icing by Alan Quine.
7:13 of 2nd period - Cristoval Nieves wins face-off versus Alan Quine in Devils zone.
8:11 of 2nd period - Wrist shot by Joe Snively.
8:11 of 2nd period - Shot Misses the Net.
8:29 of 2nd period - Wrist shot by Alexandre Texier.
8:29 of 2nd period - Goal by Alexandre Texier - Devils : 3 - Phantoms : 2.
8:30 of 2nd period - Lucas Wallmarkk wins face-off versus Valeri Nichushkin in neutral zone.
8:39 of 2nd period - Snap shot by Lucas Wallmarkk.
8:39 of 2nd period - Shot Blocked by Wyatt Kalynuk.
8:55 of 2nd period - Matt Kiersted is hit by Reid Boucher and loses puck.
9:42 of 2nd period - Slapshot by David Kampf.
9:42 of 2nd period - Goal by David Kampf - Devils : 3 - Phantoms : 3.
9:43 of 2nd period - Alan Quine wins face-off versus Joe Snively in neutral zone.
9:54 of 2nd period - Sven Andrighetto is hit by Joonas Donskoi and loses puck.
10:22 of 2nd period - Slapshot by Ilya Lyubushkin.
10:22 of 2nd period - Shot Misses the Net.
10:30 of 2nd period - Minor Penalty to Ty Smith for Tripping.
10:31 of 2nd period - Alan Quine wins face-off versus Joe Snively in Phantoms zone.
10:34 of 2nd period - Slapshot by Alan Quine.
10:34 of 2nd period - Goal by Alan Quine - Devils : 4 - Phantoms : 3.
10:35 of 2nd period - Joonas Donskoi wins face-off versus Joe Snively in neutral zone.
10:37 of 2nd period - Off-side.
10:38 of 2nd period - Sven Andrighetto wins face-off versus Alan Quine in neutral zone.
11:45 of 2nd period - Snap shot by Nicolas Roy.
11:45 of 2nd period - Stopped by Anton Forsberg without a rebound.
11:46 of 2nd period - Sven Andrighetto wins face-off versus Alan Quine in Phantoms zone.
12:01 of 2nd period - Snap shot by Morgan Klimchuk.
12:01 of 2nd period - Shot Misses the Net.
12:03 of 2nd period - Slapshot by Ty Smith.
12:03 of 2nd period - Stopped by Juuse Saros with a rebound.
12:32 of 2nd period - Minor Penalty to Rem Pitlick for Hooking.
12:33 of 2nd period - Alan Quine wins face-off versus Joe Snively in Phantoms zone.
12:36 of 2nd period - Wrist shot by Valeri Nichushkin.
12:36 of 2nd period - Deflect By Joonas Donskoi.
12:36 of 2nd period - Shot Misses the Net.
12:36 of 2nd period - Puck is out of play.
12:37 of 2nd period - Alan Quine wins face-off versus Joe Snively in Phantoms zone.
12:38 of 2nd period - Slapshot by Joonas Donskoi.
12:38 of 2nd period - Shot Blocked by Cal Foote.
12:40 of 2nd period - Snap shot by Jake Bean.
12:40 of 2nd period - Stopped by Anton Forsberg without a rebound.
12:41 of 2nd period - Alan Quine wins face-off versus Joe Snively in Phantoms zone.
13:00 of 2nd period - Snap shot by Morgan Klimchuk.
13:00 of 2nd period - Stopped by Juuse Saros with a rebound.
13:12 of 2nd period - Snap shot by Joonas Donskoi.
13:12 of 2nd period - Shot Misses the Net.
13:20 of 2nd period - Slapshot by Rinat Valiev.
13:20 of 2nd period - Goal by Rinat Valiev - Devils : 4 - Phantoms : 4.
13:21 of 2nd period - Joe Snively wins face-off versus Reid Boucher in neutral zone.
13:40 of 2nd period - Morgan Klimchuk is hit by Valeri Nichushkin.
14:32 of 2nd period - Penalty to Rem Pitlick is over, Rem Pitlick is back on ice.
15:21 of 2nd period - Icing by Lucas Wallmarkk.
15:22 of 2nd period - Reid Boucher wins face-off versus Cristoval Nieves in Phantoms zone.
15:23 of 2nd period - Snap shot by Conor Garland.
15:23 of 2nd period - Goal by Conor Garland - Devils : 5 - Phantoms : 4.
15:24 of 2nd period - Alan Quine wins face-off versus Joe Snively in neutral zone.
15:27 of 2nd period - Cal Foote is hit by Jake Bean and loses puck.
15:32 of 2nd period - Wrist shot by Joonas Donskoi.
15:32 of 2nd period - Shot Blocked by Sven Andrighetto.
15:34 of 2nd period - Slapshot by Joonas Donskoi.
15:34 of 2nd period - Stopped by Anton Forsberg with a rebound.
15:40 of 2nd period - Snap shot by Alan Quine.
15:40 of 2nd period - Shot Blocked by Cal Foote.
16:31 of 2nd period - Snap shot by Alexandre Texier.
16:31 of 2nd period - Deflect By Cristoval Nieves.
16:31 of 2nd period - Shot Misses the Net.
16:31 of 2nd period - Puck is out of play.
16:32 of 2nd period - Cristoval Nieves wins face-off versus Nicolas Roy in Phantoms zone.
17:04 of 2nd period - Wrist shot by Sven Andrighetto.
17:04 of 2nd period - Stopped by Juuse Saros with a rebound.
17:06 of 2nd period - Slapshot by Sven Andrighetto.
17:06 of 2nd period - Shot Blocked by Wyatt Kalynuk.
17:08 of 2nd period - Slapshot by Riley Stillman.
17:08 of 2nd period - Stopped by Juuse Saros without a rebound.
17:09 of 2nd period - Reid Boucher wins face-off versus Cristoval Nieves in Devils zone.
17:20 of 2nd period - Reid Boucher is hit by Rem Pitlick and loses puck.
17:33 of 2nd period - Snap shot by David Kampf.
17:33 of 2nd period - Stopped by Juuse Saros with a rebound.
17:35 of 2nd period - Snap shot by Oliver Wahlstrom.
17:35 of 2nd period - Stopped by Juuse Saros without a rebound.
17:36 of 2nd period - David Kampf wins face-off versus Alan Quine in Devils zone.
18:33 of 2nd period - Snap shot by Brett Murray.
18:33 of 2nd period - Deflect By Oliver Wahlstrom.
18:33 of 2nd period - Stopped by Juuse Saros without a rebound.
18:34 of 2nd period - Alan Quine wins face-off versus Joe Snively in Devils zone.
18:39 of 2nd period - Snap shot by Alan Quine.
18:39 of 2nd period - Stopped by Anton Forsberg with a rebound.
18:45 of 2nd period - Snap shot by Sven Andrighetto.
18:45 of 2nd period - Stopped by Juuse Saros with a rebound.
18:47 of 2nd period - Snap shot by Morgan Klimchuk.
18:47 of 2nd period - Shot Misses the Net.
19:08 of 2nd period - A.J. Greer is hit by Cristiano Digiacinto and loses puck.
19:23 of 2nd period - Slapshot by Cal Foote.
19:23 of 2nd period - Shot Blocked by Christian Wolanin.
Goals for this period are 3 for Devils vs 2 for Phantoms.
Shots for this period are 8 for Devils vs 17 for Phantoms.
3rd period
0:01 of 3rd period - Joe Snively wins face-off versus Alan Quine in neutral zone.
0:06 of 3rd period - Wrist shot by Joe Snively.
0:06 of 3rd period - Shot Hit the Post.
0:14 of 3rd period - Snap shot by Alan Quine.
0:14 of 3rd period - Stopped by Anton Forsberg with a rebound.
0:16 of 3rd period - Slapshot by Joonas Donskoi.
0:16 of 3rd period - Deflect By Rinat Valiev.
0:16 of 3rd period - Stopped by Anton Forsberg without a rebound.
0:17 of 3rd period - Lucas Wallmarkk wins face-off versus Reid Boucher in Phantoms zone.
0:17 of 3rd period - Lucas Wallmarkk is hit by Conor Garland.
0:42 of 3rd period - Morgan Klimchuk is hit by Ilya Lyubushkin and loses puck.
1:07 of 3rd period - Cristoval Nieves is hit by Valeri Nichushkin and loses puck.
1:12 of 3rd period - Slapshot by Valeri Nichushkin.
1:12 of 3rd period - Shot Blocked by Lucas Wallmarkk.
1:28 of 3rd period - Slapshot by Wyatt Kalynuk.
1:28 of 3rd period - Shot Blocked by Brett Murray.
1:51 of 3rd period - Snap shot by Reid Boucher.
1:51 of 3rd period - Shot Misses the Net.
2:02 of 3rd period - Off-side.
2:03 of 3rd period - Cristoval Nieves wins face-off versus Brett Howden in neutral zone.
2:05 of 3rd period - Off-side.
2:06 of 3rd period - Cristoval Nieves wins face-off versus Brett Howden in neutral zone.
2:09 of 3rd period - Snap shot by Mikko Lehtonen.
2:09 of 3rd period - Shot Misses the Net.
3:15 of 3rd period - Nick Sorensen is hit by Alexandre Texier and loses puck.
3:36 of 3rd period - Cristiano Digiacinto is hit by A.J. Greer and loses puck.
4:46 of 3rd period - Off-side.
4:47 of 3rd period - Morgan Klimchuk wins face-off versus Brett Howden in neutral zone.
6:06 of 3rd period - David Kampf is hit by Darren Dietz and loses puck.
6:40 of 3rd period - Snap shot by Cristoval Nieves.
6:40 of 3rd period - Stopped by Juuse Saros without a rebound.
6:41 of 3rd period - Alan Quine wins face-off versus Rem Pitlick in Devils zone.
6:53 of 3rd period - Rem Pitlick is hit by Marcus Bjork and loses puck.
7:08 of 3rd period - Mikko Lehtonen is hit by Mason Marchment.
7:27 of 3rd period - Icing by Marcus Bjork.
7:28 of 3rd period - David Kampf wins face-off versus Brett Howden in Devils zone.
7:29 of 3rd period - Backhand shot by Oliver Wahlstrom.
7:29 of 3rd period - Shot Misses the Net.
7:31 of 3rd period - Backhand shot by Brett Murray.
7:31 of 3rd period - Shot Misses the Net.
7:33 of 3rd period - Slapshot by Matt Kiersted.
7:33 of 3rd period - Shot Misses the Net.
7:35 of 3rd period - Slapshot by Matt Kiersted.
7:35 of 3rd period - Stopped by Juuse Saros without a rebound.
7:36 of 3rd period - Joe Snively wins face-off versus Alan Quine in Devils zone.
7:45 of 3rd period - Wrist shot by Joonas Donskoi.
7:45 of 3rd period - Shot Blocked by Matt Kiersted.
7:47 of 3rd period - Slapshot by Ilya Lyubushkin.
7:47 of 3rd period - Deflect By Alan Quine.
7:47 of 3rd period - Shot Misses the Net.
7:47 of 3rd period - Puck is out of play.
7:48 of 3rd period - Alan Quine wins face-off versus Joe Snively in Phantoms zone.
7:53 of 3rd period - Snap shot by Alan Quine.
7:53 of 3rd period - Shot Misses the Net.
7:55 of 3rd period - Backhand shot by Darren Dietz.
7:55 of 3rd period - Stopped by Anton Forsberg with a rebound.
7:57 of 3rd period - Slapshot by Ilya Lyubushkin.
7:57 of 3rd period - Shot Misses the Net.
7:59 of 3rd period - Wrist shot by Valeri Nichushkin.
7:59 of 3rd period - Stopped by Anton Forsberg with a rebound.
8:01 of 3rd period - Snap shot by Alan Quine.
8:01 of 3rd period - Stopped by Anton Forsberg with a rebound.
8:03 of 3rd period - Wrist shot by Valeri Nichushkin.
8:03 of 3rd period - Stopped by Anton Forsberg without a rebound.
8:04 of 3rd period - Lucas Wallmarkk wins face-off versus Reid Boucher in Phantoms zone.
8:09 of 3rd period - Snap shot by Rinat Valiev.
8:09 of 3rd period - Stopped by Juuse Saros with a rebound.
9:08 of 3rd period - Snap shot by Joe Snively.
9:08 of 3rd period - Shot Blocked by Marcus Bjork.
9:10 of 3rd period - Snap shot by Morgan Klimchuk.
9:10 of 3rd period - Stopped by Juuse Saros with a rebound.
9:12 of 3rd period - Slapshot by Joe Snively.
9:12 of 3rd period - Stopped by Juuse Saros with a rebound.
9:14 of 3rd period - Snap shot by Joe Snively.
9:14 of 3rd period - Stopped by Juuse Saros without a rebound.
9:15 of 3rd period - Lucas Wallmarkk wins face-off versus Alan Quine in Devils zone.
9:28 of 3rd period - Wrist shot by Joonas Donskoi.
9:28 of 3rd period - Stopped by Anton Forsberg with a rebound.
9:30 of 3rd period - Snap shot by Jake Bean.
9:30 of 3rd period - Stopped by Anton Forsberg with a rebound.
9:36 of 3rd period - Minor Penalty to Mikko Lehtonen for Tripping.
9:37 of 3rd period - Joe Snively wins face-off versus Alan Quine in Phantoms zone.
11:09 of 3rd period - Riley Stillman is hit by Ilya Lyubushkin and loses puck.
11:36 of 3rd period - Penalty to Mikko Lehtonen is over, Mikko Lehtonen is back on ice.
12:32 of 3rd period - Nicolas Roy is hit by Lucas Wallmarkk and loses puck.
14:31 of 3rd period - Ilya Lyubushkin is hit by Rinat Valiev and loses puck.
15:09 of 3rd period - Snap shot by Conor Garland.
15:09 of 3rd period - Shot Misses the Net.
15:39 of 3rd period - Icing by Riley Stillman.
15:40 of 3rd period - Joe Snively wins face-off versus Nicolas Roy in Phantoms zone.
16:01 of 3rd period - Slapshot by Jonny Brodzinski.
16:01 of 3rd period - Shot Blocked by Riley Stillman.
16:07 of 3rd period - Marcus Bjork is hit by Ty Smith and loses puck.
16:53 of 3rd period - Wrist shot by Joonas Donskoi.
16:53 of 3rd period - Deflect By Valeri Nichushkin.
16:53 of 3rd period - Stopped by Anton Forsberg without a rebound.
16:54 of 3rd period - Cristoval Nieves wins face-off versus Alan Quine in Phantoms zone.
17:09 of 3rd period - Wrist shot by Alan Quine.
17:09 of 3rd period - Stopped by Anton Forsberg with a rebound.
18:30 of 3rd period - Snap shot by Joonas Donskoi.
18:30 of 3rd period - Deflect By Valeri Nichushkin.
18:30 of 3rd period - Stopped by Anton Forsberg without a rebound.
18:31 of 3rd period - A.J. Greer wins face-off versus Brett Howden in Phantoms zone.
19:00 of 3rd period - Phantoms, Anton Forsberg is pulled from the net.
19:10 of 3rd period - Snap shot by Morgan Klimchuk.
19:10 of 3rd period - Shot Blocked by Joonas Donskoi.
19:12 of 3rd period - Slapshot by Matt Kiersted.
19:12 of 3rd period - Deflect By Morgan Klimchuk.
19:12 of 3rd period - Shot Blocked by Darren Dietz.
19:12 of 3rd period - Puck is out of play.
19:13 of 3rd period - Kevin Dineen call a timeout for Phantoms.
19:13 of 3rd period - Lucas Wallmarkk wins face-off versus Alan Quine in Devils zone.
19:22 of 3rd period - Snap shot by Alan Quine.
19:22 of 3rd period - Goal by Alan Quine - Devils : 6 - Phantoms : 4.
19:22 of 3rd period - Anton Forsberg from Phantoms was sent back in the game.
19:23 of 3rd period - Lucas Wallmarkk wins face-off versus Nicolas Roy in neutral zone.
Goals for this period are 1 for Devils vs 0 for Phantoms.
Shots for this period are 12 for Devils vs 6 for Phantoms.